 Dungeon Crawl Stone Soup version 0.27-a0-287-gd4424db430 (webtiles) character file.

Game seed: 15877652983191724468

2431 kae the Ruffian (level 9, -13/72 HPs)
             Began as a Grey Draconian Transmuter on Feb 8, 2021.
             Was an Initiate of Ru.
             Mangled by an orc knight
             ... wielding a +3 trident
              (23 damage)
             ... in a bailey.
             The game lasted 00:06:56 (7836 turns).

kae the Ruffian (Grey Draconian Transmuter)         Turns: 7836, Time: 00:06:57

Health: -13/72     AC: 16    Str: 15    XL:     9   Next: 24%
Magic:  15/15      EV: 14    Int: 13    God:    Ru [......]
Gold:   450        SH:  0    Dex: 13    Spells: 3/16 levels left

rFire    . . .     SeeInvis .     - Unarmed
rCold    + . .     Faith    .   (no shield)
rNeg     . . .     Spirit   .   (armour unavailable)
rPois    .         Reflect  .   (helmet restricted)
rElec    .         Harm     .   (no cloak)
rCorr    .         Rampage  .   (no gloves)
Will     .....                  (no boots)
Stlth    +.........             c - amulet of regeneration
HPRegen  0.62/turn              p - +4 ring of protection
MPRegen  0.14/turn              a - ring of protection from cold

@: no status effects
A: walk through water, unfitting armour, unbreathing, cold-blooded, AC +12
a: Renounce Religion


You were in a bailey.
You worshipped Ru.
Ru was noncommittal.
You visited 2 branches of the dungeon, and saw 8 of its levels.
You also visited: Ossuary and Bailey.

You collected 450 gold pieces.

Inventory:

Jewellery
 a - a ring of protection from cold (right hand)
 c - an amulet of regeneration (around neck)
 g - an uncursed amulet of magic regeneration
 p - a +4 ring of protection (left hand)
Wands
 s - a wand of flame (28)
 t - a wand of paralysis (8)
Scrolls
 b - 3 scrolls of identify
 h - a scroll of enchant armour
 i - a scroll of fog
 m - 6 scrolls of remove curse
 n - a scroll of immolation
 r - 2 scrolls of amnesia
Potions
 d - 6 potions of curing
 e - 2 potions of haste
 f - a potion of attraction
 k - 2 potions of flight
 l - 3 potions of lignification
 u - 2 potions of invisibility


   Skills:
 + Level 4.6 Fighting
 + Level 4.1 Dodging
 * Level 6.9 Unarmed Combat
 + Level 4.3 Spellcasting
 * Level 6.4 Transmutations
 - Level 4.0 Ice Magic
 - Level 2.0 Poison Magic


You had 3 spell levels left.
You knew the following spells:

 Your Spells              Type           Power        Failure   Level
a - Beastly Appendage     Tmut           38%          1%          1
b - Spider Form           Tmut/Pois      6%           11%         3
c - Ice Form              Ice/Tmut       16%          22%         4
d - Blade Hands           Tmut           9%           36%         5

Your spell library contained the following spells:

 Spells                   Type           Power        Failure   Level
 Wereblood                Tmut           19%          2%          2


Dungeon Overview and Level Annotations

Branches:
Dungeon (7/15)             Temple (1/1) D:7         Ossuary (visited)
 Bailey (1/1)

Altars:
Ashenzari
Dithmenos
Fedhas
Kikubaaqudgha
Okawaru
Ru
Vehumet
Xom

Annotations:
D:3 2 transporters, ma3's ghost, amateur GnWn
D:6 exclusion: statue


Innate Abilities, Weirdness & Mutations

You can walk through water.
Your dull iron-grey scales are very hard. (AC +12)
You cannot fit into any form of body armour.
You can survive without breathing.
You are cold-blooded and may be slowed by cold attacks.


Message History

Done waiting.
You open the door.
The orc warrior shouts! x2
The orc knight shouts!
The orc knight roars a battlecry!
The orcs go into a battle-frenzy!
There is an open door here.
The orc warrior barely misses you.
The orc knight roars a battlecry!
The orc knight goes into a battle-frenzy!
The orc warrior barely misses you.
The orc warrior hits you from afar with a +0 halberd.
The orc knight misses you.
The orc warrior hits you from afar with a +0 trident!!
The orc knight closely misses you.
You open the door.
The orc warrior hits you from afar with a +0 trident!!
* * * LOW HITPOINT WARNING * * *
The orc knight hits you from afar with a +3 trident!!
You die...

##.........## ##..≈≈≈≈≈≈≈..##
##..≈≈.)...≈≈..##
########..≈≈).###..≈≈..##########
.........≈≈).##.##..≈≈..........#
≈≈≈≈≈≈≈≈≈≈..##.∩.##..≈≈≈≈≈≈≈≈≈≈.#
≈..........##.....##.....)....≈.#
≈.#############'###'#########.≈.#
≈.## #....§@...# ##)≈.# ≈..##
#..≈≈§≈≈≈≈..# ##.)≈.# ≈≈..##
..≈≈..ooo≈≈..## ##).≈≈.# .≈≈..#
.§≈..⌠∩o..≈≈..#'#..≈≈.∩# .≈≈).#
.≈≈...⌠...§≈..#'#..≈≈.## ≈≈..##
..≈≈.§.§.≈≈..##.##.)≈≈.# ≈..##
#..≈≈§§§§≈..#'...##..≈.#
≈)##.$$$.##...§§....##.....##.≈.#
≈)######## ##########.≈.#


You could see 2 orc knights and 2 orc warriors.

Vanquished Creatures
  Pikel (D:6)
  An orc warrior (Bailey)
  A sky beast (D:5)
  3 ogres
  A centaur (D:6)
  2 bullfrogs (D:6)
  2 scorpions (D:6)
  2 howler monkeys
  A quasit (D:6)
  3 centaur zombies (Ossuary)
  4 hounds
  2 bullfrog skeletons
  An orc priest (D:3)
  An iguana (D:6)
  4 orc wizards
  6 worker ants
  2 ogre zombies (Ossuary)
  3 hound skeletons
  7 mummies (Ossuary)
  2 worker ant zombies (D:5)
  A howler monkey skeleton (D:4)
  5 adders
  4 shadow imps
  4 white imps
  An ufetubus (D:6)
  2 oozes
  6 adder zombies (Ossuary)
  7 dart slugs
  3 worms
  6 leopard geckos
  27 orcs
  2 ball pythons
  8 bats
  7 giant cockroaches
  13 goblins
  9 hobgoblins
  20 jackals
  5 quokkas
  9 frilled lizards
  A giant cockroach zombie (D:5)
  3 goblin zombies (Ossuary)
  2 hobgoblin zombies (Ossuary)
  A jackal skeleton (D:5)
  8 kobolds
  6 kobold zombies (Ossuary)
  A leopard gecko skeleton (D:6)
  3 quokka zombies (Ossuary)
  14 rats
  5 rat zombies (Ossuary)
232 creatures vanquished.

Notes
Turn   | Place    | Note
-------+----------+-------------------------------------------
     0 | D:1      | kae the Draconian Transmuter began the quest for the Orb.
     0 | D:1      | Reached XP level 1. HP: 16/16 MP: 3/3
   146 | D:1      | Reached XP level 2. HP: 17/23 MP: 1/5
   425 | D:1      | Reached XP level 3. HP: 18/28 MP: 4/6
  1457 | D:2      | Reached XP level 4. HP: 36/36 MP: 5/7
  1461 | D:2      | Learned a level 3 spell: Spider Form
  2245 | D:2      | Reached skill level 1 in Poison Magic
  2313 | D:3      | Reached XP level 5. HP: 27/41 MP: 4/8
  2388 | D:3      | Found an iron altar of Okawaru.
  2388 | D:3      | Found an ancient bone altar of Kikubaaqudgha.
  2459 | D:3      | Found a shimmering altar of Xom.
  2679 | D:3      | Noticed ma3's ghost (amateur GnWn)
  2692 | D:3      | Found a transporter.
  2706 | D:3      | Found a transporter.
  3246 | D:3      | Reached XP level 6. HP: 48/48 MP: 6/10
  3384 | D:4      | Learned a level 4 spell: Ice Form
  3947 | D:5      | Entered Level 5 of the Dungeon
  3952 | D:5      | Noticed a sky beast
  3962 | D:5      | Killed a sky beast
  3963 | D:5      | Reached skill level 1 in Ice Magic
  3963 | D:5      | Your scales start taking on a dull iron-grey colour.
  3963 | D:5      | Reached XP level 7. HP: 50/56 MP: 5/11
  3963 | D:5      | Gained mutation: You can survive without breathing. [Grey
                  | Draconian growth]
  4329 | D:5      | Reached skill level 5 in Unarmed Combat
  5027 | D:5      | Found a broken altar of Ashenzari.
  5526 | D:6      | Reached XP level 8. HP: 63/63 MP: 9/13
  5595 | D:6      | Found a blossoming altar of Fedhas.
  5595 | D:6      | Found a shadowy altar of Dithmenos.
  5627 | D:6      | Reached skill level 5 in Transmutations
  5648 | D:6      | Noticed Pikel
  5968 | D:6      | Killed Pikel
  6414 | D:6      | Found a radiant altar of Vehumet.
  6643 | D:7      | Found a sand-covered staircase.
  6651 | Ossuary  | Entered an ossuary
  6714 | Ossuary  | Learned a level 5 spell: Blade Hands
  6896 | Ossuary  | Reached XP level 9. HP: 71/71 MP: 15/15
  7255 | D:7      | Found a staircase to the Ecumenical Temple.
  7264 | Temple   | Entered the Ecumenical Temple
  7282 | Temple   | Became a worshipper of Ru the Awakened
  7324 | D:7      | Found a flagged portal.
  7358 | Bailey   | Entered a bailey
  7482 | Bailey   | Noticed an orc knight
  7482 | Bailey   | Noticed an orc knight
  7836 | Bailey   | Mangled by an orc knight

Illustrated notes

Levels and vault maps discovered:
D:1:      dpeg_arrival_windows_large_door, layout_loops_ring,
          minmay_split_cup_large
D:2:      layout_loops_ring, serial_rivers, chequers_serial_rivers_marsh,
          chequers_serial_rivers_room_a, chequers_serial_rivers_large_b,
          chequers_serial_rivers_micro_c, st_stairs_10
D:3:      layout_loops_ring, lemuel_coloured_pillars_altar,
          amethyst_overflow_temple_binary, gammafunk_ghost_arena
D:4:      layout_rooms
D:5:      layout_basic, ashenzari_conservatory_becter
D:6:      layout_basic, vehumet_statue, gammafunk_temple_overflow_elements,
          uniq_pikel
D:7:      layout_loops_corners, nemelex_xobeh_ov_fountains_minmay,
          nicolae_qazlal_general_emergency, minmay_temple_entry_glass,
          enter_bailey_3, nicolae_ossuary_entry_plus, minmay_holes
Temple:   minmay_temple_curvy_loop
Bailey:   bailey_polearm_1, bailey

Skill      XL: |  1  2  3  4  5  6  7  8  9 |
---------------+----------------------------+-----
Dodging        | 2 3 4 |  4.1
Transmutations | 3 4 6 |  6.4
Fighting       | 2 3 4 |  4.6
Poison Magic   | 1 2 |  2.0
Unarmed Combat | 4 5 6 |  6.9
Spellcasting   | 3 4 |  4.3
Ice Magic      | 1 2 4 |  4.0

Action                   |  1- 3 |  4- 6 |  7- 9 || total
-------------------------+-------+-------+-------++-------
Melee: Unarmed           |   120 |   231 |   407 ||   758
       Kick              |    19 |    18 |    18 ||    55
       Tailslap          |     9 |    14 |    32 ||    55
       Headbutt          |     9 |    14 |     5 ||    28
       Punch             |     2 |     5 |     4 ||    11
 Cast: Beastly Appendage |    27 |    30 |     6 ||    63
       Spider Form       |       |    14 |    25 ||    39
       Ice Form          |       |       |     5 ||     5
  Use: Scroll            |       |       |    22 ||    22
       Potion            |       |       |     3 ||     3
 Stab: Distracted        |     1 |       |       ||     1
       Sleeping          |       |     1 |     8 ||     9
Armor: Skin              |    54 |    40 |   108 ||   202
Dodge: Dodged            |    87 |   170 |   317 ||   574

Table legend: (Time is in decaauts)
 A = Elapsed time spent in this place.
 B = Non-inter-level travel time spent in this place.
 C = Inter-level travel time spent in this place.
 D = Time resting spent in this place.
 E = Time spent auto-exploring this place.
 F = Levels seen in this place.
 G = Mean time per level.
                   A        B        C        D        E       F      G
               +--------+--------+--------+--------+--------+-----+--------+
         Total |   7800 |   7595 |    205 |    321 |   5520 |  10 |  780.0 |
       Dungeon |   6722 |   6527 |    195 |    161 |   5030 |   7 |  960.3 |
        Temple |     29 |     19 |     10 |      0 |      0 |   1 |   29.0 |
       Ossuary |    577 |    577 |      0 |      3 |    350 |   1 |  577.0 |
        Bailey |    471 |    471 |      0 |    157 |    140 |   1 |  471.0 |
               +--------+--------+--------+--------+--------+-----+--------+

Top non-repeatable levels by time:
     D:5: 1532 daAuts
     D:2: 1205 daAuts
     D:1: 1120 daAuts
     D:6: 1114 daAuts
     D:3: 1024 daAuts
     D:4: 606 daAuts
 Ossuary: 577 daAuts
  Bailey: 471 daAuts
     D:7: 117 daAuts
  Temple: 29 daAuts
